 Dungeon Crawl Stone Soup version 0.31-a0-466-g98c9adc2b6 (webtiles) character file.

Game seed: 14775391459410639568

200 horus123 the Digger (level 5, -1/38 HPs)
             Began as a Demigod Earth Elementalist on Aug 6, 2023.
             Slain by a hobgoblin
             ... wielding a +0 scythe
              (5 damage)
             ... on level 4 of the Dungeon.
             The game lasted 00:04:46 (3126 turns).

horus123 the Digger (Demigod Earth Elementalist)    Turns: 3126, Time: 00:04:46

Health: -1/38      AC:  2    Str:  9    XL:     5   Next: 24%
Magic:  6/10       EV: 12    Int: 21    God:
Gold:   122        SH:  0    Dex: 14    Spells: 3/7 levels left

rFire   . . .        h - +3 mace of Iqohilat {protect, +Blink}
rCold   . . .        (no shield)
rNeg    . . .        a - +0 robe
rPois   .            (no helmet)
rElec   .            (no cloak)
rCorr   .            (no gloves)
SInv    .            (no boots)
Will    .....        (no amulet)
Stlth   ++           (no ring)
HPRegen 0.26/turn    (no ring)
MPRegen 0.12/turn

%: no passive effects
@: no status effects
A: high MP 1, forlorn, divine attributes
a: Evoke Blink


You were on level 4 of the Dungeon.
You visited 1 branch of the dungeon, and saw 4 of its levels.

You collected 122 gold pieces.

Inventory:

Hand Weapons
 d - a +0 hand axe
 h - the +3 mace of Iqohilat (weapon) {protect, +Blink}
   (You found it on level 2 of the Dungeon)

   +Blink:    It lets you blink.
Armour
 a - a +0 robe (worn)
 i - a +0 plate armour
Scrolls
 e - 5 scrolls of identify {unknown}
 f - a scroll of amnesia {unknown}
 g - a scroll of poison {unknown}
 l - a scroll of fear {unknown}
 n - a scroll of enchant weapon {unknown}
Potions
 b - a potion of magic
 c - 2 potions of heal wounds {unknown}
 j - a potion of degeneration {unknown}
 k - 3 potions of curing {unknown}
 m - a potion of mutation {unknown}


   Skills:
 - Level 1.7 Dodging
 - Level 1.7 Stealth
 - Level 1.7 Spellcasting
 - Level 0.8 Transmutations
 + Level 5.7 Earth Magic


You had 3 spell levels left.
You knew the following spells:

 Your Spells              Type           Power      Damage    Failure   Level
a - Sandblast             Erth           52%        2d12      1%          1
b - Stone Arrow           Conj/Erth      26%        3d8       14%         3

Your spell library contained the following spells:

 Spells                   Type           Power      Damage    Failure   Level
 Passwall                 Tmut/Erth      12%        N/A       6%          2
 Lesser Beckoning         Tloc           2%         N/A       22%         2
 Gell's Gravitas          Tloc           1%         N/A       41%         3
 Portal Projectile        Hex/Tloc       2%         N/A       41%         3
 Teleport Other           Tloc           1%         N/A       41%         3
 Tukima's Dance           Hex            1%         N/A       41%         3
 Petrify                  Tmut/Erth      15%        N/A       36%         4
 Iskenderun's Mystic Bla  Conj/Tloc      1%         2d3       83%         4


Dungeon Overview and Level Annotations

Branches:
Dungeon (4/15)
 Temple: D:4-7

Shops:
D:3 ?


Innate Abilities, Weirdness & Mutations

You have an increased reservoir of magic. (+10% MP)
You shall have no god before yourself.
Your divine heritage dramatically boosts your attributes as you level up.


Message History

You see here a +1 mace of protection.
Found a scale mail.
You see here a +0 scale mail.
You now have 122 gold pieces (gained 13).
There is a stone staircase leading down here.
Found a ring mail.
Found a whip and a leather armour.
Found a chain mail.
Found a club.
Found a stone staircase leading down.
You see here a +0 club.
There is a stone staircase leading down here.
There is a stone staircase leading down here.
You open the door.
An orc, 3 hobgoblins and a gnoll come into view.
The gnoll shouts!
The hobgoblin shouts! x2; The orc shouts!
The hobgoblin hits you from afar with a +0 scythe.
The hobgoblin barely misses you.
The hobgoblin shouts!
Found 8 gold pieces.
The blast of sand hits the orc!
You kill the orc!
The hobgoblin hits you from afar with a +0 scythe.
The hobgoblin barely misses you.
The blast of sand hits the hobgoblin!
You kill the hobgoblin!
The hobgoblin misses you. x3; The gnoll closely misses you.
The hobgoblin barely misses you.
The blast of sand hits the gnoll but does no damage.
The hobgoblin completely misses you. The gnoll closely misses you.
The hobgoblin barely misses you.
The blast of sand hits the gnoll.
The gnoll is heavily wounded.
The gnoll barely misses you.
The hobgoblin hits you from afar with a +0 scythe! x2
* * * LOW HITPOINT WARNING * * *
The hobgoblin hits you from afar with a +0 scythe!
* * * LOW HITPOINT WARNING * * *
The gnoll barely misses you.
The hobgoblin hits you from afar with a +0 scythe.
You die...

#.# #.# #.# #.# #########
####.# #.......# #....#
###.#####.# #....#g.##.#
#.# #...@'g.#..# #.#
.###....#g.########.#
........####........#
#............#..######..#
#...#..#####.#..# #..#
#...##.# #.#..# #..#
#...##^# #.#..# #..# .
#...##8# #.#..# #..# ..
#...##^#####.#..# #..#


You could see a gnoll and 2 hobgoblins.

Vanquished Creatures
  A black bear (D:4)
  An adder (D:3)
  2 worms (D:3)
  3 dart slugs
  3 orcs
  8 ball pythons
  10 bats
  9 endoplasms
  2 giant cockroaches (D:3)
  6 goblins
  8 hobgoblins
  4 jackals (D:1)
  8 kobolds
  2 quokkas (D:1)
  6 frilled lizards
  3 rats
76 creatures vanquished.

Notes
Turn   | Place    | Note
-------+----------+-------------------------------------------
     0 | D:1      | horus123 the Demigod Earth Elementalist began the quest for
                  | the Orb.
     0 | D:1      | Reached XP level 1. HP: 14/14 MP: 5/5
    58 | D:1      | Reached skill level 3 in Earth Magic
    86 | D:1      | Reached XP level 2. HP: 18/20 MP: 0/7
   651 | D:1      | Reached XP level 3. HP: 26/26 MP: 6/8
   677 | D:1      | Reached skill level 4 in Earth Magic
   757 | D:1      | Learned a level 3 spell: Stone Arrow
  1162 | D:2      | Identified the +3 mace of Iqohilat {protect, +Blink}
  2012 | D:3      | Found Cusist's Magic Scroll Shoppe.
  2151 | D:3      | Reached XP level 4. HP: 33/33 MP: 7/9
  2883 | D:4      | Noticed a black bear
  2887 | D:4      | Killed a black bear
  2888 | D:4      | Reached skill level 5 in Earth Magic
  2888 | D:4      | Reached XP level 5. HP: 38/38 MP: 6/10
  3126 | D:4      | Slain by a hobgoblin

Illustrated notes

Levels and vault maps discovered:
D:1:      matt_arrival_grand_opening, layout_loops_cross, minmay_pentomino_w4
D:2:      layout_loops_cross
D:3:      layout_loops_ring, kennysheep_orc_sif_temple, serial_shops, shop,
          kennysheep_nub, reono_crystal_passage, corexii_item_surrounded_by_moat
D:4:      layout_basic, brannock_xom_greatest_gift, okawaru_trees_1,
          ebering_dispersal_statue_hall, sigmund_army

Skill      XL: |  1  2  3  4 |
---------------+-------------+-----
Earth Magic    | 3 4 5 |  5.7
Dodging        | |  1.7
Stealth        | |  1.7
Spellcasting   | |  1.7
Transmutations | |  0.8

Action                     |  1- 3 |  4- 6 || total
---------------------------+-------+-------++-------
  Melee: Unarmed           |     2 |       ||     2
         Hand axe          |     5 |       ||     5
   Cast: Sandblast         |    83 |    21 ||   104
 Armour: Robe              |    11 |     1 ||    12
  Dodge: Dodged            |    32 |    16 ||    48

Table legend: (Time is in decaauts)
 A = Elapsed time spent in this place.
 B = Non-inter-level travel time spent in this place.
 C = Inter-level travel time spent in this place.
 D = Time resting spent in this place.
 E = Time spent auto-exploring this place.
 F = Levels seen in this place.
 G = Mean time per level.
                   A        B        C        D        E       F      G
               +--------+--------+--------+--------+--------+-----+--------+
         Total |   3182 |   3085 |     97 |    136 |   2526 |   4 |  795.5 |
       Dungeon |   3182 |   3085 |     97 |    136 |   2526 |   4 |  795.5 |
               +--------+--------+--------+--------+--------+-----+--------+

Top non-repeatable levels by time:
     D:1: 1186 daAuts
     D:3: 1009 daAuts
     D:2: 740 daAuts
     D:4: 246 daAuts
